 Dungeon Crawl Stone Soup version 0.28-a0-1594-ga885d4b3d6 (webtiles) character file.

Game seed: 8910801001031937778

20 lonewolfV2 the Scratcher (level 2, 0/12 HPs)
             Began as a Felid Transmuter on Jan 20, 2022.
             Frozen to death by an endoplasm (4 damage)
             ... on level 1 of the Dungeon.
             The game lasted 00:00:48 (705 turns).

lonewolfV2 the Scratcher (Felid Transmuter)          Turns: 705, Time: 00:00:48

Health: 0/12       AC:  1    Str:  6    XL:     2   Next: 58%
Magic:  5/6        EV: 17    Int: 14    God:
Gold:   38         SH:  0    Dex: 16    Spells: 4/5 levels left
                                        Lives:  0   Deaths: 0

rFire   . . .      SeeInvis +     - Unarmed
rCold   . . .      Faith    .   (shield unavailable)
rNeg    . . .      Spirit   .   (armour unavailable)
rPois   .          Reflect  .   (helmet unavailable)
rElec   .          Harm     .   (cloak unavailable)
rCorr   .          Rampage  .   (gloves unavailable)
Will    .....                   (boots unavailable)
Stlth   +.........              (no amulet)
HPRegen 0.04/turn               (no ring)
MPRegen 0.10/turn               (no ring)

@: appendages, quick
A: horns 2, very small, claws 1, fangs 3, see invisible, speed 1, shaggy fur 1,
stealthy paws, no weapons or thrown items, no armour, multi-lived
a: End Transformation


You were on level 1 of the Dungeon.
You had temporarily grown beastly horns.
You visited 1 branch of the dungeon, and saw 1 of its levels.

You collected 38 gold pieces.

Inventory:

Potions
 a - a potion of heal wounds {unknown}
 b - a potion of curing {unknown}


   Skills:
 + Level 1.0 Fighting
 + Level 2.9 Dodging
 + Level 3.4 Unarmed Combat
 + Level 2.2 Spellcasting
 + Level 2.5 Transmutations


You had 4 spell levels left.
You knew the following spells:

 Your Spells              Type           Power      Damage    Failure   Level
a - Beastly Appendage     Tmut           16%        N/A       9%          1

Your spell library contained the following spells:

 Spells                   Type           Power      Damage    Failure   Level
 Wereblood                Tmut           8%         N/A       12%         2
 Spider Form              Tmut/Pois      5%         N/A       38%         3
 Ice Form                 Ice/Tmut       5%         N/A       80%         4


Dungeon Overview and Level Annotations

Branches:
Dungeon (1/15)

Altars:


Innate Abilities, Weirdness & Mutations

You have temporarily grown beastly horns.
You have sharp claws.
You have razor-sharp teeth.
You have supernaturally acute eyesight. (SInv)
You cover ground quickly. (Speed+)
You are covered in fur. (AC +1)
Your paws help you pounce on unaware monsters.
You are incapable of wielding weapons or throwing items.
You cannot wear armour.
You gain extra lives every three experience levels.


Message History

The bat hits you. The bat hits you but does no damage.
You completely miss the endoplasm. The bat closely misses you.
The endoplasm freezes you.
You are frozen.
You scratch the endoplasm. Your headbutt misses the endoplasm.
The endoplasm is moderately wounded.
The endoplasm closely misses you. The bat barely misses you.
You scratch the endoplasm. You headbutt the endoplasm.
The endoplasm is almost dead.
The bat misses you. The endoplasm freezes you.
You are frozen.
You scratch the endoplasm.
You kill the endoplasm!
The bat hits you. The bat closely misses you.
You closely miss the bat. Your headbutt misses the bat.
Your horns disappear.
The bat completely misses you. The bat barely misses you.
The bat hits you but does no damage. x2
You scratch the bat but do no damage. You bite the bat.
The bat is moderately wounded.
The bat misses you. x2
You scratch the bat. Your bite misses the bat.
The bat is heavily wounded.
The bat closely misses you. The bat misses you.
You scratch the bat.
You kill the bat!
You see here a bat corpse.
The endoplasm quivers.
You scratch the endoplasm.
The endoplasm is severely wounded.
The endoplasm barely misses you.
Casting: Beastly Appendage (safe; 9% risk of failure)
Confirm with . or Enter, or press ? or * to list all spells.
You grow a pair of large bovine horns.
The endoplasm freezes you.
You are frozen.
You die...

...## #†## ....# #..# ...##
##.# ..## #.# .## #.# ##
#.#### #### ########.##..
..# .........##.# #J# #####
..#########.####@#####......
..# #.......†.......# ..#
#..#.##.###.......# ..#
#....##.# #........ ..#
#.......# #........ ..#
#.#####.# ###...##. ..#
#.......# ..... .#######
#.####### #####.
.......###.####


You could see an endoplasm.

Vanquished Creatures
  A bat (D:1)
  2 endoplasms (D:1)
  2 giant cockroaches (D:1)
  2 goblins (D:1)
  A hobgoblin (D:1)
  3 jackals (D:1)
  3 frilled lizards (D:1)
  2 kobolds (D:1)
  A rat (D:1)
17 creatures vanquished.

Notes
Turn   | Place    | Note
-------+----------+-------------------------------------------
     0 | D:1      | lonewolfV2 the Felid Transmuter began the quest for the
                  | Orb.
     0 | D:1      | Reached XP level 1. HP: 9/9 MP: 4/4
   195 | D:1      | Found a faded altar of an unknown god.
   278 | D:1      | Reached XP level 2. HP: 12/12 MP: 4/6
   705 | D:1      | Frozen to death by an endoplasm

Illustrated notes

Levels and vault maps discovered:
D:1:      wander_arrival_desolate, layout_loops_cross,
          chequers_ecumenical_altar_simple_redux, serial_shops, shop

Action                   || total
-------------------------++-------
Melee: Unarmed           ||    40
       Bite              ||     6
       Headbutt          ||     3
       Punch             ||     1
 Cast: Beastly Appendage ||     8
  Use: Scroll            ||     1
 Stab: Sleeping          ||     1
Armor: Skin              ||     5
Dodge: Dodged            ||    49

Table legend: (Time is in decaauts)
 A = Elapsed time spent in this place.
 B = Non-inter-level travel time spent in this place.
 C = Inter-level travel time spent in this place.
 D = Time resting spent in this place.
 E = Time spent auto-exploring this place.
 F = Levels seen in this place.
 G = Mean time per level.
                   A        B        C        D        E       F      G
               +--------+--------+--------+--------+--------+-----+--------+
         Total |    630 |    630 |      0 |      0 |    495 |   1 |  630.0 |
       Dungeon |    630 |    630 |      0 |      0 |    495 |   1 |  630.0 |
               +--------+--------+--------+--------+--------+-----+--------+

Top non-repeatable levels by time:
     D:1: 630 daAuts
